Description

Raven tank 3 cc

VOD

https://www.youtube.com/watch?v=4DUTT-YXw6o&ab_channel=ESLArchives

Replay - JieShi v TIME: Game 3 - 紫晶浪漫-天梯版

Build Order

Get SALT Encoding   

  14  0:17  Supply Depot  
  15  0:40  Barracks  
  16  0:43  Refinery  
  19  1:26  Marine  
  19  1:27  Orbital Command  
  20  1:40  Command Center  
  20  1:46  Reaper  
  21  1:51  Supply Depot  
  22  2:06  SCV  
  23  2:09  Factory  
  23  2:15  Refinery  
  23  2:18  Bunker  
  23  2:22  SCV  
  24  2:23  Barracks Reactor  
  26  2:52  Orbital Command  
  26  2:53  Hellion  
  26  2:55  Starport  
  29  3:02  Marine x2  
  32  3:14  Factory Tech Lab  
  33  3:20  Marine x2  
  36  3:33  Supply Depot  
  37  3:39  Factory Tech Lab  
  37  3:40  Raven  
  40  3:47  Marine x2  
  45  3:57  Supply Depot  
  45  3:59  Siege Tank  
  49  4:09  Command Center  
  50  4:10  Marine x2  
  53  4:19  Supply Depot  
  56  4:31  Siege Tank  
  59  4:41  Barracks x2  
  59  4:43  Marine  
  59  4:44  Stimpack  
  62  4:54  Engineering Bay  
  62  4:55  Refinery x2  
  63  5:06  Siege Tank  
  69  5:18  Barracks x2  
  70  5:23  Terran Infantry Weapons Level 1  
  70  5:24  Orbital Command  
  71  5:31  Barracks Tech Lab  
  73  5:37  Starport Reactor  
  75  5:44  Siege Tank  
  75  5:49  Marauder  
  80  5:54  Orbital Command  
  80  5:56  Marauder  
  86  6:14  Barracks Reactor  
  86  6:15  Barracks Tech Lab  
  86  6:16  Medivac x2  
  86  6:17  Marauder  
  95  6:26  Siege Tank  
  101  6:34  Combat Shield, Refinery x2  
  101  6:44  Command Center  
  101  6:46  Marauder  
  112  6:58  Marauder x2  
  116  7:07  Siege Tank  
  125  7:17  Terran Infantry Armor Level 1  
  125  7:19  Armory  
  125  7:20  Engineering Bay  
  125  7:26  Marauder  
  131  7:30  Medivac x2  
  131  7:35  Marauder x2  
  141  7:47  Siege Tank  
  141  7:50  Sensor Tower  
  146  7:57  Marauder  
  150  7:59  Ghost Academy  
  153  8:09  Viking x2, Bunker  
  161  8:14  Drilling Claws  
  170  8:27  Siege Tank, Missile Turret  
  170  8:29  Planetary Fortress  
  170  8:41  Enhanced Shockwaves  
  168  8:46  Barracks x3  
  168  8:49  Viking x2  
  171  8:57  Ghost x2  
  177  9:03  Terran Infantry Weapons Level 2  
  180  9:17  Ghost  
  178  9:24  Medivac x2  
  186  9:37  Barracks Reactor, Barracks Tech Lab  
  186  9:38  Command Center  
  186  9:42  Terran Infantry Armor Level 2  
  186  9:44  Barracks Tech Lab  
  186  9:46  Terran Ship Weapons Level 1  
Spawning Tool Build Advisor. Get it on Overwolf

Go to:

Details

  • Created by: boss_starcraft
  • Published on: Jul 19, 2021
  • Modified on: Jul 19, 2021
  • Patch: 4.11.0
  • Difficulty: Medium
Show
View Real Time Build Order
Export as new Build Order

Comments (0)

There are no comments. Be the first!

Create an account to comment!